 Dungeon Crawl Stone Soup version 0.22-a0-392-g5dc3fd9 (webtiles) character file.

118 erloom the Insei (level 5, -6/27 HPs)
             Began as a Vine Stalker Monk on May 1, 2018.
             Splashed by a jelly's acid (7 damage)
             ... on level 2 of the Dungeon.
             The game lasted 00:03:07 (1718 turns).

erloom the Insei (Vine Stalker Monk)                Turns: 1718, Time: 00:03:08

Health: -6/27      AC: -5    Str: 13    XL:     5   Next: 2%
Magic:  0/6        EV: 13    Int: 11    God:
Gold:   116        SH:  0    Dex: 17    Spells: 4/4 levels left

rFire    . . .     SeeInvis .     - Unarmed
rCold    . . .     Gourm    .   (no shield)
rNeg     . . .     Faith    .   a - +0 robe
rPois    .         Spirit   +   n - +2 hat
rElec    .         Reflect  .   (no cloak)
rCorr    .         Harm     .   d - +2 pair of gloves
MR       .....                  (no boots)
Stlth    ++........             (no amulet)
HPRegen  0.49/turn              (no ring)
MPRegen  0.10/turn              (no ring)

@: corroded
A: fangs 2, regeneration 1, magic shield, antimagic bite, no potion heal 3, rot
immunity
a: no special abilities


You were on level 2 of the Dungeon.
You were hungry.

You visited 1 branch of the dungeon, and saw 2 of its levels.

You collected 116 gold pieces.

Inventory:

Armour
 a - a +0 robe (worn)
 d - a +2 pair of gloves (worn)
 n - a +2 hat (worn)
Jewellery
 e - an uncursed ring of protection from magic {unknown}
 f - a +2 ring of dexterity {unknown}
Scrolls
 c - a scroll of remove curse {unknown}
 g - 2 scrolls of enchant armour {unknown}
 h - 2 scrolls of teleportation {unknown}
 j - 3 scrolls of noise {unknown}
 k - a scroll of identify {unknown}
Potions
 i - a potion of resistance {unknown}
 m - 2 potions of lignification {unknown}
 o - a potion of brilliance {unknown}
Comestibles
 b - 5 rations


   Skills:
 - Level 2.6 Fighting
 - Level 2.4 Dodging
 - Level 2.4 Stealth
 + Level 5.5 Unarmed Combat


You had 4 spell levels left.
You didn't know any spells.

Dungeon Overview and Level Annotations

Branches:
Dungeon (2/15)

Altars:
Trog


Innate Abilities, Weirdness & Mutations

You have extremely sharp teeth.
Your natural rate of healing is unusually fast.
When hurt, damage is shared between your health and your magic reserves.
Your bite disrupts and absorbs the magic of your enemies.
Potions cannot restore your health.
You are immune to rotting.


Message History

a whip; a kobold corpse You see here a stone.
You see here a stone.
You see here a stone.
There is an open door here.
There is an open gate here.
You see here a dagger.
You see here a dagger.
You hit the jelly but do no damage.
Your hands burn!
You bite the jelly. You drain its power.
You feel invigorated.
The jelly is almost dead.
The jelly hits you.
You are splashed with acid!
The acid burns!
* * * LOW HITPOINT WARNING * * *
You hit the jelly but do no damage.
Your hands burn!
* * * LOW HITPOINT WARNING * * *
The jelly is almost dead.
The jelly hits you.
* * * LOW HITPOINT WARNING * * *
You are splashed with acid!
The acid burns!
You die...

.........##....###.......#
#.......##....#.##.......######
##....###.###†#.##.......##...#
###### #.# #.#.###.)...#####.#
#.####.###.#.# ##...## #.#
#.)..†<....#.# ##'''### #.#
###....#####.# #......## #.#
#.#### #.####..#...###.# #.#
#.@J))....#.....### ### #.#
#########...###....
..####.######### ##.## #....
...............###### #># #.###
#.#.................# #.# #.#
#.#.##.........####.####.####.#
#.#.##........................#
#..............####.####.####.#
###.##.........###............#


You could see a jelly.

Vanquished Creatures
  A jelly (D:2)
  8 oozes (D:2)
  2 worms (D:2)
  A dart slug (D:2)
  2 leopard geckos (D:1)
  2 bats
  3 giant cockroaches (D:1)
  4 goblins
  5 hobgoblins
  A ball python (D:2)
  2 frilled lizards (D:1)
  10 kobolds
  8 rats
49 creatures vanquished.

Vanquished Creatures (others)
  2 fungi (D:2)
  5 toadstools (D:2)
7 creatures vanquished.

Grand Total: 56 creatures vanquished

Notes
Turn   | Place    | Note
-------+----------+-------------------------------------------
     0 | D:1      | erloom the Vine Stalker Monk began the quest for the Orb.
     0 | D:1      | Reached XP level 1. HP: 11/11 MP: 2/2
   181 | D:1      | Reached XP level 2. HP: 16/16 MP: 3/3
   540 | D:1      | Reached skill level 4 in Unarmed Combat
   848 | D:2      | Reached XP level 3. HP: 19/19 MP: 4/4
  1043 | D:2      | Noticed a moth of wrath
  1046 | D:2      | Found a bloodstained altar of Trog.
  1611 | D:2      | Gained mutation: Your natural rate of healing is unusually fast. [Vine Stalker growth]
  1611 | D:2      | Reached XP level 4. HP: 12/23 MP: 5/5
  1623 | D:2      | Reached skill level 5 in Unarmed Combat
  1688 | D:2      | Reached XP level 5. HP: 27/27 MP: 6/6
  1718 | D:2      | HP: 1/27 [jelly (2)]
  1718 | D:2      | Splashed by a jelly's acid

Vault maps used:
D:1:      scummos_arrival_gate, supply_closet_lemuel, minmay_misc_feat_encased,
          serial_bayou_ford_a
D:2:      cheibrodos_fertilizer, first_ration, tgw_trog

Skill      XL: |  1  2  3  4 |
---------------+-------------+-----
Unarmed Combat | 4 5 |  5.5
Fighting       | |  2.6
Dodging        | |  2.4
Stealth        | |  2.4

Action                   |  1- 3 |  4- 6 || total
-------------------------+-------+-------++-------
Melee: Unarmed           |   120 |    27 ||   147
       Bite              |    37 |    12 ||    49
       Punch             |     5 |     3 ||     8
 Stab: Sleeping          |     5 |       ||     5
  Eat: Chunk             |     2 |       ||     2
Armor: Robe              |    20 |     7 ||    27
Dodge: Dodged            |    60 |     7 ||    67

Table legend:
 A = Spawn XP
 B = Non-spawn XP
 C = Spawn XP percentage of total XP
 D = Spawn monster count
 E = Non-spawn monster count
 F = Spawn count percentage of total count
 G = Total turns spent on level
                    A         B        C        D         E        F      G
               +---------+---------+-------+---------+---------+-------+---------
         Total |       0 |     169 |   0.0 |       0 |      49 |   0.0 |  1718
               +---------+---------+-------+---------+---------+-------+---------
           D:1 |       0 |      31 |   0.0 |       0 |      19 |   0.0 |   803
           D:2 |       0 |     138 |   0.0 |       0 |      30 |   0.0 |   915
               +---------+---------+-------+---------+---------+-------+---------
